 Dungeon Crawl Stone Soup version 0.31-a0-210-gccc998df9b (webtiles) character file.

Game seed: 250090138026543553

37 qw the Shooter (level 3, -2/29 HPs)
             Began as a Minotaur Hexslinger on June 29, 2023.
             Slain by a goblin
             ... wielding a +0 club
             ... led by Robin
              (6 damage)
             ... on level 2 of the Dungeon.
             The game lasted 00:00:22 (899 turns).

qw the Shooter (Minotaur Hexslinger)                 Turns: 899, Time: 00:00:23

Health: -2/29      AC:  3    Str: 12    XL:     3   Next: 21%
Magic:  3/3        EV: 12    Int: 10    God:
Gold:   56         SH:  0    Dex: 14    Spells: 3/4 levels left

rFire   . . .        Y - +1 sling
rCold   . . .        (no shield)
rNeg    . . .        c - +0 robe
rPois   .            (helmet restricted)
rElec   .            (no cloak)
rCorr   .            d - +0 pair of gloves
SInv    .            (no boots)
Will    .....        (no amulet)
Stlth   +            (no ring)
HPRegen 0.24/turn    (no ring)
MPRegen 0.08/turn

%: no passive effects
@: no status effects
A: horns 2, retaliatory headbutt
a: no special abilities


You were on level 2 of the Dungeon.
You visited 1 branch of the dungeon, and saw 2 of its levels.

You collected 56 gold pieces.


Innate Abilities, Weirdness & Mutations

You have a pair of horns on your head.
You reflexively headbutt those who attack you in melee.


   Skills:
 - Level 2.0 Fighting
 + Level 3.8 Ranged Weapons
 - Level 2.1 Dodging
 - Level 1.0 Spellcasting
 - Level 2.0 Hexes


You had 3 spell levels left.
You knew the following spells:

 Your Spells              Type           Power      Damage    Failure   Level
a - Slow                  Hex            16%        N/A       16%         1

Your spell library contained the following spells:

 Spells                   Type           Power      Damage    Failure   Level
 Inner Flame              Hex/Fire       2%         N/A       56%         3
 Portal Projectile        Hex/Tloc       4%         N/A       56%         3
 Cause Fear               Hex            2%         N/A       83%         4

Inventory:

Hand Weapons
 Y - a +1 sling (weapon)
Armour
 c - a +0 robe (worn)
 d - a +0 pair of gloves (worn)
Scrolls
 a - a scroll of fog {unknown}
 b - a scroll of fear {unknown}
Potions
 f - a potion of curing
 g - a potion of haste

Dungeon Overview and Level Annotations

Branches:
Dungeon (2/15)

Altars:

Annotations:
D:2 Robin


Message History

Robin is heavily wounded.
The hobgoblin no longer looks unusually strong.
Robin hits you with a +0 short sword. The goblin closely misses you.
You shoot a sling bullet.
The sling bullet completely misses Robin.
The sling bullet closely misses the hobgoblin.
Robin throws the goblin at you! The hobgoblin misses you.
The goblin barely misses you. x2; You furiously retaliate!
You headbutt the goblin. The goblin hits you with a +0 club.
Robin throws the goblin at you!
The hobgoblin hits you but does no damage.
The goblin hits you but does no damage. The goblin completely misses you.
The goblin hits you with a +0 club.
You shoot a sling bullet. The sling bullet barely misses Robin.
The sling bullet barely misses the hobgoblin.
The goblin no longer looks unusually strong.
Robin roars a battlecry!
The goblins go into a battle-frenzy!
The hobgoblin hits you. The hobgoblin misses you.
The goblin barely misses you. x2
The goblin hits you with a +0 club.
You shoot a sling bullet. The sling bullet closely misses Robin.
The sling bullet closely misses the hobgoblin.
The goblin no longer looks unusually strong.
Robin roars a battlecry!
The goblin goes into a battle-frenzy!
The hobgoblin closely misses you.
An endoplasm comes into view.
The goblin barely misses you. The goblin closely misses you.
The goblin hits you but does no damage.
The endoplasm quivers.
You shoot a sling bullet. The sling bullet barely misses Robin.
The sling bullet closely misses the hobgoblin.
The hobgoblin no longer looks unusually strong. x2
Robin roars a battlecry!
The hobgoblins go into a battle-frenzy!
The hobgoblin hits you. The hobgoblin closely misses you.
You furiously retaliate!
You headbutt the hobgoblin!
You kill the hobgoblin!
The goblin closely misses you. The goblin hits you with a +0 club.
You die...

# #.%..#...#.#
###...##....#
#8....8#....## #
##.....##...<.# ..
##.....###...).# .#.
8.....##.#.....## ....
.....8# #.......## .....
....####.......g%#......
...## .........g@gg.....
..## ##.......gggg.....
..8# #........gBg...J.
..## #.........#......
..# ##.......##......
..# ......... ...... ..8
......... ###### ..##
....... ..#


You could see Robin, an endoplasm, a giant cockroach, 5 hobgoblins and 4
goblins.

Vanquished Creatures
  A worm (D:2)
  5 ball pythons
  3 endoplasms
  2 giant cockroaches
  5 goblins
  2 hobgoblins (D:2)
  4 kobolds (D:1)
  2 quokkas (D:1)
  4 bats
  4 rats
32 creatures vanquished.

Notes
Turn   | Place    | Note
-------+----------+-------------------------------------------
     0 | D:1      | qw the Minotaur Hexslinger began the quest for the Orb.
     0 | D:1      | Reached XP level 1. HP: 16/16 MP: 1/1
     0 | D:1      | 0 ||| qw: Version: 0.3-a-24-g62f9e04
     0 | D:1      | 0 ||| qw: Game counter: 6683
     0 | D:1      | 0 ||| qw: Melee chars always use a shield: true
     0 | D:1      | 0 ||| qw: God list: Okawaru
     0 | D:1      | 0 ||| qw: Allow faded altars: false
     0 | D:1      | 0 ||| qw: Do Orc after clearing Dungeon:15 true
     0 | D:1      | 0 ||| qw: Do second Lair branch before Depths: true
     0 | D:1      | 0 ||| qw: Lair rune preference: random
     0 | D:1      | 0 ||| qw: Goals: Normal
     0 | D:1      | 0 ||| PLANNING D:1-11
   124 | D:1      | Reached skill level 3 in Ranged Weapons
   124 | D:1      | Reached XP level 2. HP: 23/23 MP: 2/2
   644 | D:1      | 644 ||| UPGRADING to +0 pair of gloves.
   649 | D:1      | 649 ||| READING scroll labelled BUNOOD TEUF.
   650 | D:1      | 650 ||| DRINKING 2 white potions.
   651 | D:1      | 651 ||| DRINKING 2 brown potions.
   652 | D:1      | 652 ||| DROPPING scroll of poison.
   781 | D:2      | Reached XP level 3. HP: 29/29 MP: 3/3
   783 | D:2      | Found the +8 trident of the Octopus King {venom, rElec
                  | rPois}
   883 | D:2      | Noticed Robin
   899 | D:2      | HP: 4/29 [hobgoblin[Robin] (5)]
   899 | D:2      | Slain by a goblin

Levels and vault maps discovered:
D:1:      lemuel_arrival_room, layout_basic
D:2:      layout_rooms, chequers_hall_statues_y, uniq_robin,
          uniq_crazy_yiuf_cottage

Skill      XL: |  1  2 |
---------------+-------+-----
Ranged Weapons | 3 |  3.8
Fighting       | 2 |  2.0
Dodging        | |  2.1
Spellcasting   | |  1.0
Hexes          | |  2.0

Action                     || total
---------------------------++-------
   Fire: Sling             ||    91
    Use: Potion            ||     2
         Scroll            ||     1
 Armour: Robe              ||    10
  Dodge: Dodged            ||    33

Table legend:
 A = Non-vault XP
 B = Vault XP
 C = Vault XP percentage of total XP
 D = Non-vault monster count
 E = Vault monster count
 F = Vault count percentage of total count
                 A         B        C        D         E       F
            +---------+---------+-------+---------+---------+-------
      Total |      51 |       4 |   7.3 |      30 |       2 |   6.2
            +---------+---------+-------+---------+---------+-------
        D:1 |      32 |       0 |   0.0 |      20 |       0 |   0.0
        D:2 |      19 |       4 |  17.4 |      10 |       2 |  16.7
            +---------+---------+-------+---------+---------+-------
